Construct Section Command Post
Construct Platoon Command Post
Selects Heavy Armor Battlegroup
Selects Rigorous Vehicle Training
Unlock Bishop Self-propelled Artillery
Selects Crusader AA Medium Tank
Bishop Self-propelled Artillery
6-pounder Anti-tank Gun Team
Selects Light Vehicle Withdraw and Refit
Light Vehicle Withdraw and Refit
Selects UNKNOWN (2162094)
Bishop Self-propelled Artillery
Construct Company Command Post
Bishop Self-propelled Artillery
Selects Forward Repair Assembly
Construct Company Command Post